 Dungeon Crawl Stone Soup version 0.31-b1-18-g61460d1e46 (webtiles) character file.

Game seed: 7256443203399163905

7175 groovy9 the Devastator (level 10, -4/50 HPs)
             Began as a Deep Elf Conjurer on Jan 16, 2024.
             Was a Believer of Vehumet.
             Killed by an exploding fulminant prism (43 damage)
             ... in a bailey.
             The game lasted 00:32:19 (9854 turns).

groovy9 the Devastator (Deep Elf Conjurer)          Turns: 9854, Time: 00:32:20

Health: -4/50      AC:  6    Str:  4    XL:     10   Next: 86%
Magic:  21/28      EV: 18    Int: 28    God:    Vehumet [**....]
Gold:   558        SH:  0    Dex: 19    Spells: 23/34 levels left

rFire   + . .        a - staff of alchemy
rCold   . . .        (no shield)
rNeg    . . .        A - +2 robe {rF+}
rPois   +            k - +0 helmet
rElec   .            b - +0 cloak
rCorr   .            (no gloves)
SInv    .            (no boots)
Will    +....        (no amulet)
Stlth   ++           d - +5 ring of evasion
HPRegen 0.28/turn    z - +6 ring of dexterity
MPRegen 0.21/turn

%: no passive effects
@: no status effects
A: no striking features
a: Renounce Religion


You were in a bailey.
You worshipped Vehumet.
Vehumet was pleased with you.
You visited 2 branches of the dungeon, and saw 9 of its levels.
You also visited: Ossuary and Bailey.

You collected 558 gold pieces.

Inventory:

Hand Weapons
 E - the +6 dagger of the Glimmering King {drain, rF+ Str+3}
   (You found it on level 7 of the Dungeon)

   Str+3:     It affects your strength (+3).
   rF+:       It protects you from fire.
Armour
 b - a +0 cloak (worn)
 k - a +0 helmet (worn)
 l - a +1 helmet
 A - a +2 robe of fire resistance (worn)
Magical Staves
 a - a staff of alchemy (weapon)
Jewellery
 d - a +5 ring of evasion (left hand)
 z - a +6 ring of dexterity (right hand)
Wands
 r - a wand of mindburst (21)
 C - a wand of paralysis (26)
 D - a wand of digging (6)
Scrolls
 h - a scroll of amnesia {unknown}
 m - a scroll of brand weapon {unknown}
 p - 3 scrolls of silence
 q - 2 scrolls of noise
 t - a scroll of blinking {unknown}
 y - 3 scrolls of revelation
 B - a scroll of enchant weapon {unknown}
Potions
 c - 2 potions of degeneration
 e - a potion of mutation {unknown}
 i - a potion of resistance
 j - 6 potions of attraction
 o - a potion of ambrosia {unknown}
 s - 2 potions of berserk rage
 u - 2 potions of heal wounds
 v - a potion of brilliance {unknown}
 w - a potion of invisibility {unknown}
 x - 2 potions of curing


   Skills:
 - Level 2.4 Dodging
 - Level 2.4 Stealth
 + Level 12.9 Spellcasting
 * Level 15.2 Conjurations


You had 23 spell levels left.
You knew the following spells:

 Your Spells              Type           Power      Damage    Failure   Level
a - Magic Dart            Conj           100%       1d8       0%          1
b - Searing Ray           Conj           100%       2d8       0%          2
c - Fulminant Prism       Conj/Alch      37%        3d17      1%          4
d - Iskenderun's Mystic   Conj/Tloc      57%        2d12      1%          4

Your spell library contained the following spells:

 Spells                   Type           Power      Damage    Failure   Level
 Foxfire                  Conj/Fire      100%       2x1d9     1%          1
 Tukima's Dance           Hex            18%        N/A       9%          3
 Dimensional Bullseye     Hex/Tloc       9%         N/A       30%         4


Dungeon Overview and Level Annotations

Branches:
Dungeon (8/15)             Temple (1/1) D:4         Ossuary (visited)
 Bailey (1/1)
   Lair: D:8-11

Altars:
Cheibriados
Dithmenos
Elyvilon
Fedhas
Gozag
Hepliaklqana
Kikubaaqudgha
Nemelex Xobeh
Okawaru
Qazlal
Ru
Sif Muna
Trog
Uskayaw
Vehumet
Wu Jian
Xom
Yredelemnul
Zin
The Shining One

Shops:
D:4 :

Annotations:
D:4 Edmund
D:7 3 runed translucent doors


Message History

Aiming: Fulminant Prism (dangerous; 1% risk of failure)
Press: ? - help, Dir - move target You feel a surge of power!
You conjure a prism of explosive energy!
A fulminant prism comes into view.
A bolt appears from out of your range of vision.
The bolt hits your fulminant prism.
The orc shoots a bolt.
The bolt completely misses you.
Your fulminant prism crackles loudly.
A bolt appears from out of your range of vision.
The bolt hits your fulminant prism!
Your fulminant prism explodes!
The blast of energy engulfs the orc!
You kill the orc!
Vehumet accepts your kill.
You hear a shout! x2
Found a gate leading back out of this place.
An orc comes into view. It is wielding a +0 arbalest.
The orc shoots a bolt.
The bolt barely misses you.
Casting: Fulminant Prism (dangerous; 1% risk of failure)
Confirm with . or Enter, or press ? or * to list all spells.
Aiming: Fulminant Prism (dangerous; 1% risk of failure)
Press: ? - help, Dir - move target
There is a wall there.
Okay, then.
The orc shoots a bolt.
The bolt hits you!
Casting: Fulminant Prism (dangerous; 1% risk of failure)
Confirm with . or Enter, or press ? or * to list all spells.
Aiming: Fulminant Prism (dangerous; 1% risk of failure)
Press: ? - help, Dir - move target You feel a surge of power!
You conjure a prism of explosive energy!
A fulminant prism comes into view.
The orc shoots a bolt.
The bolt closely misses you.
Your fulminant prism crackles loudly.
The orc shoots a bolt.
The bolt hits your fulminant prism!
Your fulminant prism explodes!
The blast of energy engulfs you!!!
Ouch! That really hurt!
You die...

......................
≈.................≈≈≈
≈≈...............≈≈# #
#≈...............≈##.#
......................
#≈...............≈#∩ #
#≈......###......≈##.#≈≈
≈...### ####)..≈≈≈.≈≈.
.o..# ##.@...o... ..
##........ .. #........
.. ##....... .. .......
....... ....... .......


You could see an orc.

Vanquished Creatures
  A two-headed ogre (D:8)
  Amaemon (D:8)
  The ghost of occam the Changeling, a novice OpSh of Ashenzari (D:7)
  Pikel (D:5)
  A moth of wrath (D:7)
  An orange demon (D:8)
  Maggie (D:6)
  2 wyverns (D:8)
  A yak (D:8)
  3 steam dragons
  Menkaure (D:4)
  8 orc warriors
  4 sky beasts
  2 ice beasts
  An ogre (D:7)
  A centaur (D:8)
  2 phantoms
  2 kobold brigands (D:8)
  4 bullfrogs
  3 scorpions
  5 wights (D:8)
  A howler monkey (D:5)
  A bombardier beetle (D:5)
  2 jellies
  4 hounds
  2 orc priests
  2 iguanas
  3 orc wizards
  A sleepcap (D:4)
  9 mummies
  Robin (D:2)
  4 adders
  2 white imps
  6 ribbon worms
  A dart slug (D:1)
  30 orcs
  7 bats
  5 endoplasms
  4 giant cockroaches
  2 gnoll zombies (Ossuary)
  18 goblins
  7 hobgoblins
  A jackal (D:4)
  4 quokkas
  11 ball pythons
  5 frilled lizards
  3 hobgoblin zombies
  4 kobolds
  2 kobold zombies
  5 orc zombies
  8 rats
201 creatures vanquished.

Vanquished Creatures (others)
  A goblin (D:8)
  21 fulminant prisms
22 creatures vanquished.

Grand Total: 223 creatures vanquished

Notes
Turn   | Place    | Note
-------+----------+-------------------------------------------
     0 | D:1      | groovy9 the Deep Elf Conjurer began the quest for the Orb.
     0 | D:1      | Reached XP level 1. HP: 10/10 MP: 6/6
   393 | D:1      | Reached XP level 2. HP: 15/15 MP: 5/8
   401 | D:1      | Learned a level 2 spell: Searing Ray
   702 | D:1      | Reached skill level 5 in Conjurations
  1355 | D:2      | Reached XP level 3. HP: 19/19 MP: 2/10
  1489 | D:2      | Noticed Robin
  1507 | D:2      | Killed Robin
  1893 | D:2      | Reached XP level 4. HP: 24/24 MP: 10/12
  2046 | D:2      | Found a faded altar of an unknown god.
  3001 | D:3      | Reached skill level 6 in Conjurations
  3133 | D:3      | Reached XP level 5. HP: 28/28 MP: 9/14
  3491 | D:4      | Noticed Edmund
  3600 | D:4      | Reached skill level 5 in Spellcasting
  3765 | D:4      | Found Supyry's Book Shoppe.
  3830 | D:4      | Found a staircase to the Ecumenical Temple.
  3847 | Temple   | Entered the Ecumenical Temple
  3867 | Temple   | Became a worshipper of Vehumet
  3952 | D:4      | Noticed Menkaure
  3957 | D:4      | Killed Menkaure
  3958 | D:4      | Reached skill level 7 in Conjurations
  3958 | D:4      | Reached XP level 6. HP: 32/32 MP: 9/16
  3963 | D:4      | Found a sand-covered staircase.
  4002 | Ossuary  | Entered an ossuary
  4341 | Ossuary  | Learned a level 4 spell: Fulminant Prism
  4346 | Ossuary  | Learned a level 4 spell: Iskenderun's Mystic Blast
  4677 | D:4      | Found a shadowy altar of Dithmenos.
  4716 | D:4      | Noticed a sky beast
  4725 | D:4      | Killed a sky beast
  4726 | D:4      | Reached skill level 8 in Conjurations
  4726 | D:4      | Reached XP level 7. HP: 28/36 MP: 6/18
  5305 | D:4      | Found a faded altar of an unknown god.
  5305 | D:4      | Found an ancient bone altar of Kikubaaqudgha.
  5311 | D:4      | Found an ornate altar of the Wu Jian Council.
  5313 | D:4      | Found a basalt altar of Yredelemnul.
  5315 | D:4      | Found a faded altar of an unknown god.
  5551 | D:5      | Entered Level 5 of the Dungeon
  5862 | D:5      | Reached * piety under Vehumet
  5862 | D:5      | Offered knowledge of Shock by Vehumet.
  6049 | D:5      | Noticed Pikel
  6053 | D:5      | Killed Pikel
  6054 | D:5      | Reached skill level 9 in Conjurations
  6054 | D:5      | Reached XP level 8. HP: 41/41 MP: 9/21
  6122 | D:5      | Reached skill level 10 in Conjurations
  6967 | D:6      | Reached skill level 11 in Conjurations
  7153 | D:6      | Reached XP level 9. HP: 45/45 MP: 11/24
  7202 | D:6      | Noticed Maggie
  7213 | D:6      | Killed Maggie
  7677 | D:6      | Identified the +1 plate armour "Cafoic" {rPois MP+9 Int+2}
  8329 | D:7      | Noticed a manticore
  8330 | D:7      | Found a runed translucent gate.
  8331 | D:7      | Found a runed translucent gate.
  8332 | D:7      | Found a runed translucent gate.
  8333 | D:7      | Noticed a polar bear
  8335 | D:7      | Noticed a manticore
  8442 | D:7      | Reached skill level 10 in Spellcasting
  8442 | D:7      | Reached skill level 12 in Conjurations
  8607 | D:7      | Noticed occam's ghost (novice OpSh)
  8609 | D:7      | Noticed a moth of wrath
  8656 | D:7      | Found a transporter.
  8657 | D:7      | Identified the +6 dagger of the Glimmering King {drain, rF+
                  | Str+3}
  8661 | D:7      | Found a transporter.
  8669 | D:7      | Found a bloodstained altar of Trog.
  8679 | D:7      | Killed a moth of wrath
  8693 | D:7      | Killed occam's ghost
  8694 | D:7      | Reached skill level 13 in Conjurations
  9175 | D:8      | Noticed an orange demon
  9177 | D:8      | Noticed Amaemon
  9183 | D:8      | Killed an orange demon
  9184 | D:8      | Reached XP level 10. HP: 50/50 MP: 15/27
  9192 | D:8      | Killed Amaemon
  9192 | D:8      | Reached ** piety under Vehumet
  9194 | D:8      | Offered knowledge of Foxfire by Vehumet.
  9196 | D:8      | Reached skill level 14 in Conjurations
  9211 | D:8      | Noticed a two-headed ogre
  9360 | D:8      | Killed a two-headed ogre
  9569 | D:8      | Reached skill level 15 in Conjurations
  9571 | D:8      | Found a flagged portal.
  9588 | Bailey   | Entered a bailey
  9854 | Bailey   | Killed by an exploding fulminant prism

Illustrated notes

Levels and vault maps discovered:
D:1:      dpeg_arrival_simpleton_a, layout_basic
D:2:      layout_basic, dreamdust_ecumenical_altar_hidden_monk_grotto,
          uniq_robin
D:3:      layout_basic, serial_aquarium, aquarium_bridge_island_small
          [aquarium_subvault_small_open, aquarium_subvault_bridge,
          aquarium_subvault_bridge, aquarium_subvault_wall,
          aquarium_subvault_wall], aquarium_bridge_long_separate
          [aquarium_subvault_wall, aquarium_subvault_bridge,
          aquarium_subvault_wall, aquarium_subvault_window,
          aquarium_subvault_bridge, aquarium_subvault_bridge],
          aquarium_window_fake, aquarium_window_1, aquarium_window_fake,
          aquarium_view_2f
D:4:      minmay_wonky_spiral, layout_gridville, grunt_dithmenos_smoke,
          chequers_temple_overflow_minitemple, minmay_temple_entry_statues,
          lightli_ossuary_entry_decrepit_ruins, serial_shops,
          nicolae_square_shop, hangedman_decor_growths, minmay_mini_ossuary,
          uniq_edmund, uniq_menkaure
D:5:      nicolae_BIG_FREAKIN_CUBE, layout_loops_cross, uniq_pikel
D:6:      layout_layer_cave, uniq_maggie
D:7:      lemuel_bear_cage, layout_cave_pools, gammafunk_ghost_wrathful_warriors
D:8:      minmay_the_grid_octo_tiled_squarecenter
          [minmay_the_grid_octo_thin_diamonds, minmay_the_grid_octo_horde,
          minmay_the_grid_octo_fan_narrow, minmay_the_grid_octo_tetromino_candy,
          minmay_the_grid_square_5x5_megaprize_hollow,
          minmay_the_grid_square_5x5_dogpile,
          minmay_the_grid_square_5x5_pentomino_r,
          minmay_the_grid_square_5x5_hollow_slash,
          minmay_the_grid_square_5x5_shrine1], layout_basic,
          lightli_temple_of_fire, enter_bailey_4, uniq_amaemon, uniq_erica
Temple:   nicolae_temple_elliptical
Bailey:   bailey_polearm_2, bailey

Skill      XL: |  1  2  3  4  5  6  7  8  9 10 |
---------------+-------------------------------+-----
Conjurations   | 5 6 7 8 9 11 13 15 | 15.2
Spellcasting   | 4 5 6 7 9 11 12 | 12.9
Dodging        | |  2.4
Stealth        | |  2.4

Action                     |  1- 3 |  4- 6 |  7- 9 | 10-12 || total
---------------------------+-------+-------+-------+-------++-------
  Melee: Quarterstaff      |       |    11 |     1 |       ||    12
         Staff             |       |       |       |     5 ||     5
         Punch             |       |       |       |     1 ||     1
   Cast: Magic Dart        |    61 |    55 |    23 |     7 ||   146
         Searing Ray       |    13 |    40 |    52 |    14 ||   119
         Fulminant Prism   |       |     1 |     9 |    11 ||    21
         Iskenderun's Myst |       |       |    19 |    17 ||    36
    Use: Potion            |     1 |       |     2 |     3 ||     6
         Scroll            |       |     7 |     4 |     2 ||    13
 Armour: Robe              |     9 |     6 |    16 |    25 ||    56
  Dodge: Dodged            |     5 |    20 |    16 |    46 ||    87
